Match 47271458
Unlisted

Match 47271458
End
Construct Weapon Support Center
Selects Airborne Battlegroup
Selects Heavy Machine Gun Paradrop
Engineer Squad
Bazooka Squad
Heavy Machine Gun Paradrop
Construct Medical Station
Selects Paratrooper Squad Paradrop
Heavy Machine Gun Paradrop
Paratrooper Squad Paradrop
Mechanized Support Center
Improved M9 Bazooka Rockets
Scout Squad
Paratrooper Squad Paradrop
Selects Anti-tank Gun Team Paradrop
Anti-tank Gun Team Paradrop
Anti-tank Gun Team Paradrop
Paratrooper Squad Paradrop
Selects Recon Loiter
Selects Supply Drop
Construct Tank Depot
M4(105) Sherman Bulldozer
Selects Carpet Bombing Run
Recon Loiter
Carpet Bombing Run
M18 Hellcat Tank Destroyer
Recon Loiter
Carpet Bombing Run
M18 Hellcat Tank Destroyer
Designate Forward Repair Station
Anti-tank Gun Team Paradrop
tubagznyven
nob talk too much
The0ddDevil
JVM
William Rhodes
绝地哈马斯
callofnoob
Cuthred PHX
0
0

Comments sign in to comment!

No comments posted yet!